 Dungeon Crawl Stone Soup version 0.25-a0-1056-g2efb326896 (webtiles) character file.

Game seed: 16206940156491182641, levelgen mode: deterministic

748 Hasart the Conjurer (level 7, -5/46 HPs)
             Began as a Demonspawn Wizard on May 13, 2020.
             Slain by Menkaure (10 damage)
             ... on level 5 of the Dungeon.
             The game lasted 00:12:15 (4548 turns).

Hasart the Conjurer (Demonspawn Wizard)             Turns: 4548, Time: 00:12:16

Health: -5/46      AC:  4    Str:  4 (7)  XL:     7   Next: 48%
Magic:  19/22      EV: 13    Int: 25 (26) God:
Gold:   166        SH:  0    Dex:  9 (12) Spells: 6/14 levels left

rFire    . . .     SeeInvis .   s - +4 dagger "Morg" {pain, MR+ Int+5}
rCold    . . .     Gourm    .   (no shield)
rNeg     . . .     Faith    .   a - +0 robe
rPois    .         Spirit   .   b - +0 hat
rElec    .         Reflect  .   (no cloak)
rCorr    .         Harm     .   (no gloves)
MR       +....                  (no boots)
Stlth    ++........             p - amulet of magic regeneration
HPRegen  0.15/turn              i - ring of magical power
MPRegen  0.43/turn              (no ring)

@: no status effects
A: horns 1, molten scales 1, powered by pain 1
a: no special abilities


You were on level 5 of the Dungeon.
You were not hungry.

You visited 1 branch of the dungeon, and saw 5 of its levels.

You collected 166 gold pieces.

Inventory:

Hand Weapons
 m - a +0 long sword
 s - the +4 dagger "Morg" (weapon) {pain, MR+ Int+5}
   (You found it on level 4 of the Dungeon)

   In the hands of one skilled in necromantic magic, it inflicts extra damage on
   living creatures.
   It affects your intelligence (+5).
   It affects your resistance to hostile enchantments.
Armour
 a - a +0 robe (worn)
 b - a +0 hat (worn)
Jewellery
 i - a ring of magical power (left hand)
 l - an uncursed amulet of regeneration
 p - an amulet of magic regeneration (around neck)
Scrolls
 c - 5 scrolls of identify {unknown}
 f - 2 scrolls of fog {unknown}
 j - 2 scrolls of remove curse {unknown}
 o - a scroll of enchant weapon {unknown}
 r - a scroll of immolation {unknown}
Potions
 e - a potion of degeneration
 h - a potion of cancellation {unknown}
 k - a potion of haste {unknown}
 n - a potion of invisibility {unknown}
 q - 2 potions of heal wounds {unknown}
 t - a potion of lignification {unknown}
 u - a potion of mutation {unknown}
Comestibles
 d - 6 rations


   Skills:
 + Level 0.2 Short Blades
 + Level 3.2 Dodging
 - Level 1.7 Stealth
 + Level 4.1 Spellcasting
 * Level 4.4 Conjurations
 + Level 2.7 Summonings
 + Level 2.3 Translocations
 + Level 2.2 Air Magic
 + Level 2.3 Poison Magic


You had 6 spell levels left.
You knew the following spells:

 Your Spells              Type           Power        Failure   Level  Hunger
a - Magic Dart            Conj           ####         1%          1    None
b - Call Imp              Summ           ###.....     4%          2    None
c - Blink                 Tloc           N/A          5%          2    None
d - Mephitic Cloud        Conj/Pois/Air  ###.....     8%          3    ##.....

Your spell library contained the following spells:

 Spells                   Type           Power        Failure   Level  Hunger
 Conjure Flame            Conj/Fire      ###.....     11%         3    ##.....
 Slow                     Hex            #.......     14%         2    None


Dungeon Overview and Level Annotations

Branches:
Dungeon (5/15)
 Temple: D:4-7

Altars:
Ashenzari
Cheibriados
Dithmenos
Yredelemnul

Annotations:
D:5 Menkaure, Pikel


Innate Abilities, Weirdness & Mutations

You have a pair of small horns on your head.
You are partially covered in molten scales. (AC +2)
You sometimes gain a little power by taking damage.


Message History

A beastly little devil appears in a puff of flame.
The worker ant is engulfed in noxious fumes.
The worker ant appears confused.
Menkaure closely misses you.
Your crimson imp barely misses Menkaure.
Menkaure hits you!
Unknown command.
Casting: Call Imp (safe; 4% risk of failure)
Confirm with . or Enter, or press ? or * to list all spells.
A beastly little devil appears in a puff of flame.
The worker ant bites you. Menkaure hits you!!
* * * LOW HITPOINT WARNING * * *
You focus on the pain.
You feel your power returning.
Your crimson imp hits Menkaure.
Your crimson imp blinks!
Unknown command.
It was a potion of degeneration.
There was something very wrong with that liquid.
You feel weakened.
You feel dopey.
You feel clumsy. Menkaure hits you!
You die...

............
............#
#......>....#
......#....#
##..○○.#...
#..○○☼.....
§#§<°.a.#
§._§§§§55.§.#
.#§#§#§.M@.##
# §§ #....##
.# #§#...5.##
p.## #
#...###
#..### ..$##
##.K.###....
#.........
#.###.....
..<# ....


You could see Menkaure (fast), a worker ant (confused) and 3 friendly crimson
imps.

Vanquished Creatures
  Eustachio (D:4)
  A scorpion (D:4)
  A howler monkey (D:4)
  An orc priest (D:4)
  5 hounds
  An orc wizard (D:3)
  A bullfrog skeleton (D:3)
  A worker ant (D:4)
  3 adders
  An ooze (D:2)
  An adder skeleton (D:4)
  3 worms (D:4)
  4 dart slugs
  5 leopard geckos
  8 orcs
  A ball python (D:3)
  2 giant cockroaches
  5 hobgoblins
  4 jackals
  4 kobolds
  2 quokkas
  11 bats
  2 frilled lizards
  6 goblins
  3 rats
77 creatures vanquished.

Vanquished Creatures (collateral kills)
  Sigmund (D:2)
  A slave (D:4)
  A scorpion (D:2)
  An orc wizard (D:4)
  Jessica (D:2)
  Terence (D:3)
  An adder (D:2)
  A leopard gecko (D:2)
  An orc (D:3)
  A hobgoblin (D:2)
  A jackal (D:3)
  A rat (D:2)
12 creatures vanquished.

Grand Total: 89 creatures vanquished

Notes
Turn   | Place    | Note
-------+----------+-------------------------------------------
     0 | D:1      | Hasart the Demonspawn Wizard began the quest for the Orb.
     0 | D:1      | Reached XP level 1. HP: 13/13 MP: 4/4
   437 | D:1      | Gained mutation: You sometimes gain a little power by
                  | taking damage. [demonic ancestry]
   437 | D:1      | Reached XP level 2. HP: 15/19 MP: 3/6
  1329 | D:2      | Learned a level 2 spell: Call Imp
  1332 | D:2      | Learned a level 2 spell: Blink
  1375 | D:2      | Noticed Sigmund
  1397 | D:2      | Reached skill level 1 in Translocations
  1397 | D:2      | Reached XP level 3. HP: 24/24 MP: 7/7
  1453 | D:2      | Learned a level 3 spell: Mephitic Cloud
  1556 | D:2      | Killed Sigmund
  1556 | D:2      | Gained mutation: You are partially covered in molten
                  | scales. (AC +2) [demonic ancestry]
  1556 | D:2      | Reached XP level 4. HP: 29/30 MP: 6/9
  1559 | D:2      | Noticed Jessica
  1564 | D:2      | Killed Jessica
  1564 | D:2      | Reached skill level 1 in Poison Magic
  1571 | D:2      | Gained mutation: You have a pair of small horns on your
                  | head. [demonic ancestry]
  1571 | D:2      | Reached XP level 5. HP: 35/35 MP: 8/10
  1668 | D:2      | Reached skill level 1 in Air Magic
  2604 | D:3      | Noticed Terence
  2620 | D:3      | Killed Terence
  2620 | D:3      | Reached XP level 6. HP: 31/41 MP: 11/11
  2782 | D:3      | Found a shattered altar of Ashenzari.
  3122 | D:4      | Found the +4 dagger "Morg" {pain, MR+ Int+5}
  3718 | D:4      | Found a snail-covered altar of Cheibriados.
  3718 | D:4      | Found a basalt altar of Yredelemnul.
  3770 | D:4      | Reached XP level 7. HP: 38/46 MP: 12/12
  4129 | D:5      | Entered Level 5 of the Dungeon
  4129 | D:5      | Found a shadowy altar of Dithmenos.
  4129 | D:5      | Noticed Eustachio
  4129 | D:5      | Noticed Menkaure
  4146 | D:4      | Killed Eustachio
  4273 | D:5      | Noticed Pikel
  4548 | D:5      | Slain by Menkaure

Illustrated notes

Levels and vault maps discovered:
D:1:      lemuel_arrival_behind_the_door_large, layout_loops_corners,
          minmay_close_crescents
D:2:      layout_rooms, minmay_split_cup_large, uniq_jessica, uniq_sigmund
D:3:      layout_basic, ashenzari_altar_1, minmay_misc_feat_chi, uniq_terence
D:4:      layout_cave_pods, chequers_temple_overflow_statue_of_worship,
          first_ration
D:5:      layout_rooms, grunt_dithmenos_smoke_and_mirrors, uniq_eustachio,
          uniq_blork_the_orc, uniq_menkaure, uniq_pikel

Skill      XL: |  1  2  3  4  5  6  7 |
---------------+----------------------+-----
Dodging        | 2 3 |  3.2
Conjurations   | 2 3 4 |  4.4
Translocations | 1 2 |  2.3
Poison Magic   | 1 2 |  2.3
Air Magic      | 1 2 |  2.2
Summonings     | 2 |  2.7
Spellcasting   | 4 |  4.1
Short Blades   | |  0.2
Stealth        | |  1.7

Action                   |  1- 3 |  4- 6 |  7- 9 || total
-------------------------+-------+-------+-------++-------
Melee: Club              |     3 |    11 |       ||    14
       Long sword        |       |    14 |       ||    14
       Headbutt          |       |    11 |     5 ||    16
       Dagger            |       |     4 |    15 ||    19
 Cast: Magic Dart        |    66 |   148 |    32 ||   246
       Call Imp          |     2 |     9 |     8 ||    19
       Mephitic Cloud    |     1 |     3 |     4 ||     8
       Blink             |       |       |     1 ||     1
  Use: Potion            |       |       |     1 ||     1
 Stab: Sleeping          |     1 |       |       ||     1
       Confused          |       |       |     1 ||     1
  Eat: Chunk             |     2 |     7 |       ||     9
       Ration            |       |       |     1 ||     1
Armor: Robe              |     6 |    16 |     2 ||    24
Dodge: Dodged            |    14 |    52 |    14 ||    80
       Rpst.: Long sword |       |    13 |       ||    13

Table legend:
 A = Non-vault XP
 B = Vault XP
 C = Vault XP percentage of total XP
 D = Non-vault monster count
 E = Vault monster count
 F = Vault count percentage of total count
                 A         B        C        D         E       F
            +---------+---------+-------+---------+---------+-------
      Total |     709 |     360 |  33.7 |      76 |      12 |  13.6
            +---------+---------+-------+---------+---------+-------
        D:1 |      26 |       5 |  16.1 |      14 |       4 |  22.2
        D:2 |      86 |     152 |  63.9 |      15 |       6 |  28.6
        D:3 |     148 |      27 |  15.4 |      18 |       1 |   5.3
        D:4 |     395 |     176 |  30.8 |      27 |       1 |   3.6
        D:5 |      54 |       0 |   0.0 |       2 |       0 |   0.0
            +---------+---------+-------+---------+---------+-------
